cohdb
Replays
Latest Replays
All Replays
Popular Replays
Top Player Replays
Match Explorer
How It Works
Community
CoH3 Stats
Reddit
Sign in to upload your games and track your stats! →
Sign in with Steam
Match 45562276
Unlisted
Match 45562276
Overview
Messages
Build Orders
End
Kradschützen Motorcycle Team
Panzergrenadier Squad
Panzergrenadier Squad
Construct Light Support Kompanie
MG34 Team
2.5-tonne Medical Truck
Fire Support Elements
Selects Italian Infantry
Selects Guastatori Squad
Guastatori Squad
le.IG 18 Mechanized Group
16729Kei
jungbiny2
komi is HORNY
writertiger
RitraXP
阴沟奔行鼠
DrunkPoet
春晓明月
0
0
Comments
sign in to comment!
No comments posted yet!